 Dungeon Crawl Stone Soup version 0.32-a0-422-g28b100f618 (webtiles) character file.

Game seed: 11716165358732627369

752 GempalmIncinerator the Cutter (level 7, -8/55 HPs)
             Began as a Coglin Brigand on Feb 21, 2024.
             Mangled by a sleepcap (18 damage)
             ... on level 4 of the Dungeon.
             The game lasted 00:04:33 (3293 turns).

GempalmIncinerator the Cutter (Coglin Brigand)      Turns: 3293, Time: 00:04:34

Health: -8/55      AC: 13    Str: 11    XL:     7   Next: 78%
Magic:  7/7        EV:  2    Int: 10    God:
Gold:   135        SH:  0    Dex: 18    Spells: 6/6 levels left

rFire   . . .        m - +0 dagger (venom) {Xiuying}
rCold   . . .        t - +1 flail (protect) {Wu}
rNeg    . . .        b - +0 robe
rPois   .            p - +0 helmet
rElec   .            w - +2 cloak
rCorr   .            (no gloves)
SInv    .            (no boots)
Will    .....        (no amulet)
Stlth   +++          (no ring)
HPRegen 0.29/turn    (no ring)
MPRegen 0.10/turn

%: no passive effects
@: sleeping, under a protective aura, revved
A: off-hand wielding, slow wielding, warmup strikes, legs shutdown
a: no special abilities


You were on level 4 of the Dungeon.
You visited 1 branch of the dungeon, and saw 4 of its levels.

You collected 135 gold pieces.

Inventory:

Hand Weapons
 a - a +2 dagger {Renate}
 g - a +0 spear {Citlalmina}
 m - a +0 dagger of venom (weapon) {Xiuying}
 t - a +1 flail of protection (offhand) {Wu}
Missiles
 d - 13 poisoned darts (quivered)
 e - 3 curare-tipped darts
Armour
 b - a +0 robe (worn)
 c - a +0 cloak
 p - a +0 helmet (worn)
 w - a +2 cloak (worn)
Scrolls
 f - 3 scrolls of identify {unknown}
 i - a scroll of silence {unknown}
 j - 2 scrolls of poison {unknown}
 k - 2 scrolls of teleportation {unknown}
 l - a scroll of fear {unknown}
 o - a scroll of enchant armour {unknown}
 q - a scroll of amnesia {unknown}
 s - a scroll of noise {unknown}
 u - a scroll of fog {unknown}
Potions
 h - a potion of magic {unknown}
 n - a potion of might {unknown}
 v - a potion of curing {unknown}


   Skills:
 + Level 4.5 Fighting
 * Level 5.6 Short Blades
 - Level 1.7 Throwing
 + Level 3.7 Dodging
 - Level 3.2 Stealth


You had 6 spell levels left.
You didn't know any spells.
Your spell library contained the following spells:

 Spells                   Type           Power      Damage    Failure   Level
 Call Imp                 Summ           0%         N/A       50%         2
 Sublimation of Blood     Necr           0%         N/A       50%         2
 Summon Hydra             Summ           0%         N/A       100%        7


Dungeon Overview and Level Annotations

Branches:
Dungeon (4/15)
 Temple: D:4-7

Altars:
Cheibriados
Okawaru
Trog
Uskayaw
Vehumet
Xom
Zin


Innate Abilities, Weirdness & Mutations

You can wield a second weapon in your off-hand.
It takes a long time for you to wield or remove held weapons.
Your first few attacks do less damage.
Attacking and casting redirects power from your legs.


Message History

You hit the white imp but do no damage.
You closely miss the white imp with your +0 dagger of venom.
The sleepcap completely misses you.
The white imp shouts, "Bolt, thou peaked ditch-delivered maggot-pie!"
The white imp hits you but does no damage.
You hit the white imp with your +1 flail of protection.
The white imp is heavily wounded.
You hit the white imp but do no damage. The sleepcap barely misses you.
The white imp barely misses you.
You hit the white imp but do no damage.
The white imp is heavily wounded.
You hit the white imp with your +0 dagger of venom.
The sleepcap releases spores at you but does no damage.
The white imp hits you but does no damage.
You closely miss the white imp with your +0 dagger of venom.
The white imp is heavily wounded.
You hit the white imp with your +1 flail of protection.
The sleepcap closely misses you. The white imp hits you.
The white imp freezes you.
The white imp shouts!
You hit the white imp with your +0 dagger of venom.
The white imp is poisoned.
The white imp is severely wounded.
You closely miss the white imp with your +1 flail of protection.
The sleepcap releases spores at you.
* * * LOW HITPOINT WARNING * * *
The white imp hits you but does no damage.
You hit the white imp but do no damage.
The white imp is severely wounded.
You hit the white imp but do no damage. The sleepcap barely misses you.
The white imp hits you but does no damage.
You hit the white imp with your +1 flail of protection.
You kill the white imp!
The sleepcap releases spores at you.
* * * LOW HITPOINT WARNING * * *
You are engulfed in a cloud of soporific spores!
You fall asleep.
You are no longer unable to travel.
The sleepcap releases spores at you!!
You die...

5.# #..........# ##.
#.# #..........#
##.###<####..........#
#...............>.....#
#.##.###..............#
.. ##.....?..[....##
#.#..##......$......##
# ...............###
......⌠@.......#
...5....f......#
.......$......#..
..................
..................
.................
#####...........
#..........


You could see a sleepcap and a white imp.

Vanquished Creatures
  Grinder (D:3)
  A black bear (D:4)
  2 scorpions
  Crazy Yiuf (D:3)
  2 jellies (D:4)
  An iguana (D:4)
  4 gnolls
  3 adders
  2 shadow imps (D:4)
  2 white imps (D:4)
  3 ufetubi (D:4)
  A dart slug (D:4)
  5 orcs (D:3)
  7 endoplasms
  5 giant cockroaches
  6 goblins
  4 hobgoblins
  3 jackals (D:2)
  6 quokkas
  3 ball pythons
  3 bats
  4 kobolds
  5 rats
74 creatures vanquished.

Notes
Turn   | Place    | Note
-------+----------+-------------------------------------------
     0 | D:1      | GempalmIncinerator the Coglin Brigand began the quest for
                  | the Orb.
     0 | D:1      | Reached XP level 1. HP: 16/16 MP: 1/1
    35 | D:1      | Reached skill level 1 in Dodging
    47 | D:1      | Reached skill level 2 in Short Blades
    55 | D:1      | Reached XP level 2. HP: 10/22 MP: 2/2
   292 | D:1      | Reached XP level 3. HP: 27/28 MP: 3/3
   996 | D:2      | Found an iron altar of Okawaru.
  1079 | D:2      | Reached XP level 4. HP: 34/34 MP: 4/4
  1113 | D:2      | Reached skill level 3 in Short Blades
  1597 | D:3      | Found a radiant altar of Vehumet.
  1597 | D:3      | Found a shimmering altar of Xom.
  1634 | D:3      | Found a glowing silver altar of Zin.
  1656 | D:3      | Noticed Grinder
  1978 | D:2      | Reached XP level 5. HP: 19/41 MP: 5/5
  2128 | D:3      | Found a runed translucent door.
  2129 | D:3      | Noticed Crazy Yiuf
  2266 | D:3      | Paralysed by Grinder for 3 turns
  2275 | D:3      | Paralysed by Grinder for 3 turns
  2286 | D:3      | Paralysed by Grinder for 3 turns
  2313 | D:3      | Killed Grinder
  2314 | D:3      | Reached skill level 4 in Short Blades
  2314 | D:3      | Reached XP level 6. HP: 33/48 MP: 6/6
  2535 | D:3      | Found a hide-covered altar of Uskayaw.
  2649 | D:3      | Killed Crazy Yiuf
  2873 | D:4      | Reached XP level 7. HP: 50/54 MP: 7/7
  2878 | D:4      | Reached skill level 5 in Short Blades
  3193 | D:3      | Found a bloodstained altar of Trog.
  3195 | D:3      | Found a snail-covered altar of Cheibriados.
  3293 | D:4      | Mangled by a sleepcap

Illustrated notes

Levels and vault maps discovered:
D:1:      wheals_arrival_shading, layout_basic, chequers_serial_rivers_room_b,
          minmay_worlds_worst_comb
D:2:      layout_basic, basic_altar, chequers_serial_rivers_micro_b,
          nicolae_concentric_dashed_squares_wild, minmay_box_of_dots
D:3:      layout_rooms, nicolae_uskayaw_suspiria,
          nicolae_overflow_hidden_temple, uniq_crazy_yiuf_cottage, uniq_grinder
D:4:      layout_rooms, hellmonk_sif_muna_bookshelves, serial_demonic,
          serial_demonic_e, serial_demonic_b, serial_demonic_f,
          serial_demonic_g, serial_demonic_b, serial_demonic_d,
          serial_demonic_g, serial_demonic_e, serial_demonic_e, serial_demonic_a

Skill      XL: |  1  2  3  4  5  6  7 |
---------------+----------------------+-----
Dodging        | 1 2 3 |  3.7
Short Blades   | 2 3 4 5 |  5.6
Fighting       | 3 4 |  4.5
Throwing       | |  1.7
Stealth        | |  3.2

Action                     |  1- 3 |  4- 6 |  7- 9 || total
---------------------------+-------+-------+-------++-------
  Melee: Dagger            |    44 |    82 |    48 ||   174
         Spear             |    32 |    42 |       ||    74
         Flail             |       |    43 |    52 ||    95
  Throw: Dart              |       |    15 |       ||    15
    Use: Potion            |       |     1 |     1 ||     2
   Stab: Sleeping          |     5 |     1 |       ||     6
 Armour: Robe              |    20 |    50 |    87 ||   157
  Dodge: Dodged            |    20 |    40 |    89 ||   149

Table legend: (Time is in decaauts)
 A = Elapsed time spent in this place.
 B = Non-inter-level travel time spent in this place.
 C = Inter-level travel time spent in this place.
 D = Time resting spent in this place.
 E = Time spent auto-exploring this place.
 F = Levels seen in this place.
 G = Mean time per level.
                   A        B        C        D        E       F      G
               +--------+--------+--------+--------+--------+-----+--------+
         Total |   3321 |   3118 |    203 |    529 |   1992 |   4 |  830.2 |
       Dungeon |   3321 |   3118 |    203 |    529 |   1992 |   4 |  830.2 |
               +--------+--------+--------+--------+--------+-----+--------+

Top non-repeatable levels by time:
     D:3: 1288 daAuts
     D:1: 980 daAuts
     D:2: 798 daAuts
     D:4: 254 daAuts
